 Dungeon Crawl Stone Soup version 0.28-a0-241-gfbb0926a3a (webtiles) character file.

Game seed: 2448073230509628686

69507 Malachi the Martial Artist (level 15, -12/116 HPs)
             Began as an Octopode Transmuter on Aug 24, 2021.
             Was an Initiate of Gozag.
             Mangled by a spriggan rider (27 damage)
             ... on level 6 of the Lair of Beasts.
             The game lasted 00:35:47 (21488 turns).

Malachi the Martial Artist (Octopode Transmuter)   Turns: 21488, Time: 00:35:47

Health: -12/116    AC: 14    Str: 22    XL:     15   Next: 30%
Magic:  24/24      EV: 18    Int: 26    God:    Gozag
Gold:   3393       SH:  0    Dex: 24    Spells: 18/26 levels left

rFire   . . .      SeeInvis +     - Unarmed
rCold   + + +      Faith    .   (shield currently unavailable)
rNeg    . . .      Spirit   .   (helmet currently unavailable)
rPois   +          Reflect  .   E - amulet of regeneration
rElec   +          Harm     .   d - ring of Temperance {rElec rF+ Str+5 Int+6 SInv}
rCorr   +          Rampage  .   a - +6 ring of dexterity
Will    ++...                   o - +4 ring of protection
Stlth   +++++.....              p - ring of poison resistance
HPRegen 1.29/turn               j - ring of resist corrosion
MPRegen 0.19/turn               k - ring of willpower
                                r - +6 ring of strength
                                h - ring of Paerhesch {rC+ Dex+5}

@: ice-form
A: freezing attack, boosted hp, almost no armour, amphibious, 8 rings, large,
(camouflage 1), (gelatinous body 1), (nimble swimmer 1), (tentacles)
a: End Transformation, Renounce Religion, Potion Petition, Call Merchant, Bribe
Branch


You were on level 6 of the Lair of Beasts.
You worshipped Gozag.
Gozag was most pleased with you.
You were a creature of crystalline ice.
You visited 3 branches of the dungeon, and saw 15 of its levels.
You also visited: Bailey and Ice Cave.

You collected 3816 gold pieces.
You spent 330 gold pieces at shops.
You paid 93 gold pieces to Gozag.

Inventory:

Missiles
 q - 3 throwing nets
 B - 18 curare-tipped darts
 C - 20 poisoned darts
 G - 7 atropa-tipped darts
Jewellery
 a - a +6 ring of dexterity (right front paw)
 d - the ring of Temperance (left front paw) {rElec rF+ Str+5 Int+6 SInv}
   (You acquired it on level 3 of the Dungeon)

   [ring of intelligence]

   Str:       It affects your strength (+5).
   Int:       It affects your intelligence (+6).
   rF:        It protects you from fire.
   rElec:     It insulates you from electricity.
   SInv:      It lets you see invisible.
 h - the ring of Paerhesch (on tentacle) {rC+ Dex+5}
   (You found it in an ice cave)

   [ring of protection from cold]

   Dex:       It affects your dexterity (+5).
   rC:        It protects you from cold.
 j - a ring of resist corrosion (on tentacle)
 k - a ring of willpower (on tentacle)
 o - a +4 ring of protection (on tentacle)
 p - a ring of poison resistance (on tentacle)
 r - a +6 ring of strength (on tentacle)
 E - an amulet of regeneration (around neck)
 F - a ring of flight
 H - a +6 ring of strength
 I - a +4 ring of protection
 L - an amulet of the acrobat
 Q - a ring of ice
Wands
 e - a wand of charming (12)
 g - a wand of iceblast (7)
 t - a wand of flame (35)
 u - a wand of acid (7)
 y - a wand of digging (10)
 J - a wand of paralysis (13)
Scrolls
 b - 3 scrolls of brand weapon
 l - 3 scrolls of enchant weapon
 n - 7 scrolls of teleportation
 v - a scroll of summoning
 D - a scroll of torment {unknown}
 K - a scroll of identify
 O - a scroll of blinking {unknown}
Potions
 c - 3 potions of flight
 f - a potion of brilliance
 i - 4 potions of heal wounds
 m - 2 potions of lignification
 s - 2 potions of berserk rage
 w - 4 potions of might
 x - 6 potions of curing
 z - 3 potions of haste
 A - a potion of mutation
 M - a potion of magic
 N - a potion of ambrosia
Miscellaneous
 P - a condenser vane


   Skills:
 + Level 7.5 Fighting
 - Level 0.8(1.0) Short Blades
 - Level 0.8(1.0) Long Blades
 - Level 1.2(1.5) Axes
 - Level 0.8(1.3) Maces & Flails
 - Level 0.8(1.3) Polearms
 - Level 0.8(1.2) Staves
 - Level 0.8(1.0) Slings
 - Level 1.1 Bows
 - Level 0.8 Crossbows
 - Level 0.8(1.0) Throwing
 + Level 10.2 Dodging
 - Level 11.4 Stealth
 - Level 0.8 Shields
 * Level 13.9 Unarmed Combat
 + Level 6.0 Spellcasting
 - Level 0.8 Conjurations
 - Level 0.8 Hexes
 - Level 0.8 Summonings
 - Level 1.2 Necromancy
 - Level 0.8 Translocations
 * Level 11.1 Transmutations
 - Level 0.8 Fire Magic
 - Level 5.0 Ice Magic
 - Level 0.8 Air Magic
 - Level 0.8 Earth Magic
 - Level 6.0 Poison Magic
 - Level 0.9 Invocations
 - Level 3.4 Evocations


You had 18 spell levels left.
You knew the following spells:

 Your Spells              Type           Power      Damage    Failure   Level
a - Beastly Appendage     Tmut           100%       N/A       1%          1
b - Spider Form           Tmut/Pois      25%        N/A       1%          3
c - Ice Form              Ice/Tmut       49%        N/A       2%          4

Your spell library contained the following spells:

 Spells                   Type           Power      Damage    Failure   Level
 Freeze                   Ice            100%       1d11      1%          1
 Sting                    Tmut/Pois      100%       1d8       1%          1
 Wereblood                Tmut           60%        N/A       1%          2
 Poisonous Vapours        Pois/Air       50%        N/A       2%          2
 Frozen Ramparts          Ice            66%        1d8       2%          3
 Pain                     Necr           56%        1d6       4%          1
 Summon Small Mammal      Summ           48%        N/A       4%          1
 Olgreb's Toxic Radiance  Pois           39%        N/A       6%          4
 Alistair's Intoxication  Tmut/Pois      34%        N/A       6%          5
 Static Discharge         Conj/Air       12%        N/A       8%          2
 Dazzling Flash           Conj/Hex       24%        N/A       16%         3
 Gell's Gravitas          Tloc           6%         N/A       16%         3
 Stone Arrow              Conj/Erth      24%        3d8       16%         3
 Teleport Other           Tloc           12%        N/A       16%         3
 Hailstorm                Conj/Ice       22%        3d7       22%         4
 Eringya's Noxious Bog    Tmut/Pois      25%        N/A       32%         6
 Iskenderun's Mystic Bla  Conj/Tloc      12%        2d5       45%         4
 Summon Lightning Spire   Summ/Air       12%        N/A       45%         4
 Agony                    Necr           14%        N/A       75%         5
 Excruciating Wounds      Necr           7%         N/A       75%         5
 Borgnjor's Vile Clutch   Necr/Erth      6%         N/A       77%         5
 Lightning Bolt           Conj/Air       6%         1d18      80%         5
 Dispersal                Tloc           6%         N/A       100%        6
 Starburst                Conj/Fire      6%         6d4       100%        6
 Maxwell's Capacitive Co  Air            6%         ∞         100%        8
 Dragon's Call            Summ           6%         N/A       100%        9


Dungeon Overview and Level Annotations

Branches:
Dungeon (8/15)             Temple (1/1) D:6            Lair (6/6) D:8
 Shoals (0/4) Lair:2       Spider (0/4) Lair:2        Slime (0/5) Lair:5
 Bailey (visited)           IceCv (visited)

Altars:
Ashenzari
Cheibriados
Dithmenos
Elyvilon
Fedhas
Gozag
Hepliaklqana
Kikubaaqudgha
Makhleb
Okawaru
Ru
Sif Muna
Trog
Uskayaw
Vehumet
Wu Jian
Xom
Yredelemnul
Zin
The Shining One
Lugonu

Shops:
D:1 =**

Portals:
Abyss: Lair:6


Innate Abilities, Weirdness & Mutations

You are a creature of crystalline ice.
You have a powerful freezing melee attack.
Your maximum health is increased.
Your armour is entirely melded.
You are incapable of wielding weapons or throwing items.
You cannot wear most types of armour.
You are amphibious.
You can wear up to eight rings at the same time.
((Your skin changes colour to match your surroundings (Stealth+).))
((Your rubbery body absorbs attacks. (AC +1, EV +1)))
((You are camouflaged near water. (Stealth+)))
((You have tentacles for arms and can constrict up to eight enemies at once.))


Message History

The spriggan rider shouts!
The yak is no longer distracted by gold.
Unknown command.
Unknown command.
Aiming: Corrosive Bolt
Press: ? - help, Shift-Dir - straight line The bolt of acid hits the yak!
The yak is splashed with acid!
The acid corrodes the yak!
The yak is heavily wounded.
The bolt of acid hits the spriggan rider.
The spriggan rider is lightly wounded.
The spriggan rider is no longer distracted by gold.
The boggart is no longer distracted by gold.
Unknown command.
Aiming: Corrosive Bolt
Press: ? - help, Shift-Dir - straight line The bolt of acid hits the yak!
The yak is splashed with acid.
The yak seems to be corroded for longer.
The yak is almost dead.
The bolt of acid hits the spriggan rider!
The spriggan rider is moderately wounded.
The spriggan rider hits you from afar with the +8 spear of Conscience {pain, *Rage rPois rCorr}!
* * * LOW HITPOINT WARNING * * *
You writhe in agony.
* * * LOW HITPOINT WARNING * * *
The yak misses you.
The spriggan rider is distracted by your dazzling golden aura.
The spriggan rider is no longer distracted by gold.
The spriggan rider throws a curare-tipped dart.
The curare-tipped dart closely misses you.
The boggart casts a spell.
You see here 30 stones.
The yak is distracted by your dazzling golden aura.
The yak is no longer distracted by gold.
There is an escape hatch in the ceiling here.
The cane toad stings you!!
* * * LOW HITPOINT WARNING * * *
The spriggan rider hits you from afar with the +8 spear of Conscience {pain, *Rage rPois rCorr}!!
You die...
Your body crumbles into a pile of gold.

.................................
.................................
.........................P..#..P.
.........................#.###.#.
..........................#♣ ####
.........................#♣
.........................♣♣♣♣
..................i.g....♣..♣♣ ♣
..........(.....YFY.Y....#♣..♣.♣♣
.....................(...8#.....♣
..........................#..?♣.
..........................$♣♣!..♣
.......................#..#$♣...♣
.........................8#..♣ .
.........................#♣♣$..♣
.........................♣$.♣♣♣♣#
.........................♣♣♣♣♣##.


You could see a spriggan rider, 2 yaks, a cane toad (summoned) and a boggart
(invisible).

Vanquished Creatures
  An azure jelly (IceCv)
  The ghost of Gilette the Severer, a journeyman DsMo of Gozag (Lair:6)
  2 quicksilver oozes (IceCv)
  A boulder beetle (Lair:6)
  3 hydras
  A catoblepas (Lair:6)
  2 thrashing horrors (Lair:6)
  The ghost of Tutankhamun the Basher, a novice PaFi of Okawaru (D:7)
  A necromancer (Lair:4)
  4 ugly things (Lair:6)
  An oklob plant (Lair:2)
  4 elephants (Lair:5)
  An ice statue (IceCv)
  A smoke demon (Lair:6)
  11 cane toads
  6 black mambas
  2 rime drakes
  6 komodo dragons
  2 ancient zymes (Lair:6)
  2 polar bears
  4 entropy weaver simulacra (IceCv)
  A wind drake (shapeshifter) (Lair:6)
  2 hornets
  10 slime creatures (IceCv)
  7 dream sheep (Lair:6)
  22 blink frogs
  A spriggan (shapeshifter) (Lair:6)
  Eustachio (D:4)
  2 spriggans
  42 yaks
  9 basilisks
  5 wyverns
  2 large abominations (Lair:6)
  9 small abominations (Lair:6)
  2 chaos spawn (Lair:6)
  2 demonic crawler simulacra (IceCv)
  19 water moccasins
  Duvessa (D:4)
  6 orc warriors
  3 sky beasts
  An ice beast (D:7)
  2 elephant zombies (Lair:4)
  2 necrophages
  3 ugly thing simulacra (IceCv)
  4 black bears
  3 ogres
  8 wolves
  3 centaurs
  8 kobold brigands
  3 komodo dragon zombies (Lair:4)
  16 bullfrogs
  A scorpion (D:4)
  A scorpion (shapeshifter) (Lair:6)
  3 glowing shapeshifter simulacra (IceCv)
  2 wyvern skeletons (D:6)
  A water moccasin zombie (D:5)
  Dowan (D:4)
  5 wights (D:8)
  5 electric eels
  A bullfrog zombie (D:5)
  3 centaur zombies
  4 hounds
  2 bullfrog skeletons
  3 orc priests
  3 centaur skeletons
  4 jellies
  2 gnoll shamans (D:7)
  3 iguanas
  Ijyb (D:5)
  5 orc wizards
  17 gnolls
  3 adders
  A howler monkey skeleton (D:7)
  2 white imps (D:7)
  An ufetubus (D:5)
  A worm (D:3)
  6 dart slugs
  16 orcs
  7 ball pythons
  10 endoplasms
  5 giant cockroaches
  14 goblins
  13 hobgoblins
  7 jackals
  8 quokkas
  A ball python skeleton (D:3)
  10 bats
  6 frilled lizards
  20 kobolds
  6 rats
460 creatures vanquished.

Vanquished Creatures (others)
  A yak (Lair:5)
  An orc (D:7)
  32 fungi
  44 plants
78 creatures vanquished.

Grand Total: 538 creatures vanquished

Notes
Turn   | Place    | Note
-------+----------+-------------------------------------------
     0 | D:1      | Malachi the Octopode Transmuter began the quest for the
                  | Orb.
     0 | D:1      | Reached XP level 1. HP: 13/13 MP: 3/3
    28 | D:1      | Found Heduse's General Store.
   235 | D:1      | Found Raokowao's Jewellery Shoppe.
   250 | D:1      | Reached XP level 2. HP: 12/18 MP: 3/5
   427 | D:1      | Found Ethin's General Store.
   866 | D:1      | Reached XP level 3. HP: 23/23 MP: 4/6
  1474 | D:1      | Reached XP level 4. HP: 22/28 MP: 5/7
  1672 | D:2      | Learned a level 3 spell: Spider Form
  1907 | D:2      | Found a faded altar of an unknown god.
  2154 | D:2      | Noticed an ogre
  2166 | D:2      | Killed an ogre
  2167 | D:2      | Reached skill level 1 in Stealth
  2167 | D:2      | Reached skill level 4 in Unarmed Combat
  2167 | D:2      | Reached XP level 5. HP: 22/33 MP: 4/8
  3858 | D:3      | Found a sacrificial altar of Ru.
  3858 | D:3      | Found a burning altar of Makhleb.
  3860 | D:3      | Found a shadowy altar of Dithmenos.
  4003 | D:3      | Identified a scroll of acquirement
  4003 | D:3      | Acquired the ring of Temperance {rElec rF+ Str+5 Int+6
                  | SInv}
  4217 | D:4      | Reached XP level 6. HP: 38/38 MP: 5/9
  4364 | D:4      | Noticed Duvessa
  4364 | D:4      | Noticed Eustachio
  4364 | D:4      | Noticed Dowan
  4684 | D:4      | Killed Duvessa
  5054 | D:4      | Killed Dowan
  5318 | D:4      | Killed Eustachio
  5319 | D:4      | Reached skill level 5 in Transmutations
  5319 | D:4      | Reached XP level 7. HP: 35/43 MP: 7/10
  5369 | D:4      | Found a glowing golden altar of the Shining One.
  5372 | D:4      | Found a hide-covered altar of Uskayaw.
  5375 | D:4      | Found a hazy altar of Hepliaklqana.
  5863 | D:4      | Got Soagg's Tome of Earth
  5961 | D:4      | Learned a level 4 spell: Ice Form
  5962 | D:5      | Entered Level 5 of the Dungeon
  6087 | D:5      | Reached XP level 8. HP: 45/48 MP: 8/11
  6380 | D:5      | Noticed Ijyb
  6394 | D:5      | Killed Ijyb
  6748 | D:5      | Got Sif Muna's Collected Works on the Freezing Escort
  7085 | D:5      | Reached skill level 5 in Poison Magic
  7467 | D:6      | Reached skill level 5 in Stealth
  7698 | D:6      | Reached skill level 5 in Dodging
  8027 | D:6      | Reached XP level 9. HP: 52/53 MP: 12/12
  8389 | D:6      | Reached skill level 1 in Ice Magic
  8652 | D:6      | Found a staircase to the Ecumenical Temple.
  8679 | Temple   | Entered the Ecumenical Temple
  8794 | Temple   | Became a worshipper of Gozag Ym Sagoz the Greedy
  9687 | D:7      | Found a runed translucent gate.
  9687 | D:7      | Found a runed translucent gate.
  9687 | D:7      | Found a runed translucent gate.
  9688 | D:7      | Noticed Tutankhamun's ghost (novice PaFi)
 10736 | D:7      | Found an ancient bone altar of Kikubaaqudgha.
 11059 | D:7      | Reached XP level 10. HP: 58/58 MP: 9/13
 11198 | D:7      | Killed Tutankhamun's ghost
 11664 | D:1      | Bought an amulet of regeneration for 330 gold pieces
 11885 | D:8      | Found a flagged portal.
 11899 | Bailey   | Entered a bailey
 12506 | D:8      | Reached skill level 5 in Unarmed Combat
 12537 | D:8      | Reached skill level 6 in Unarmed Combat
 12537 | D:8      | Reached skill level 10 in Transmutations
 12572 | D:8      | Found a staircase to the Lair.
 12596 | D:8      | Reached XP level 11. HP: 41/63 MP: 14/14
 12640 | D:8      | Reached skill level 5 in Ice Magic
 12696 | D:8      | Reached skill level 7 in Unarmed Combat
 13059 | Lair:1   | Entered Level 1 of the Lair of Beasts
 13147 | Lair:1   | Found a frozen archway.
 13156 | IceCv    | Entered an ice cave
 13289 | IceCv    | Noticed a quicksilver ooze
 13295 | IceCv    | Killed a quicksilver ooze
 13296 | IceCv    | Reached skill level 8 in Unarmed Combat
 13663 | IceCv    | Reached skill level 9 in Unarmed Combat
 13686 | IceCv    | Reached skill level 1 in Evocations
 14015 | IceCv    | Noticed a quicksilver ooze
 14018 | IceCv    | Noticed an azure jelly
 14019 | IceCv    | Killed a quicksilver ooze
 14020 | IceCv    | Reached skill level 10 in Unarmed Combat
 14020 | IceCv    | Reached XP level 12. HP: 72/72 MP: 0/15
 14020 | IceCv    | Found a viscous altar of Jiyva.
 14026 | IceCv    | Killed an azure jelly
 14148 | IceCv    | Got the ring of Paerhesch {rC+ Dex+5}
 14161 | IceCv    | Identified the +1 ring mail "Langirghago" {*Slow Str+8
                  | Int+9 Stlth-}
 15061 | Lair:2   | Reached skill level 11 in Unarmed Combat
 15546 | Lair:2   | Found a hole to the Spider Nest.
 15745 | Lair:2   | Found a staircase to the Shoals.
 16568 | Lair:3   | Reached skill level 10 in Stealth
 16573 | Lair:3   | Reached skill level 12 in Unarmed Combat
 16582 | Lair:3   | Reached XP level 13. HP: 81/81 MP: 14/18
 17224 | Lair:4   | Reached skill level 5 in Fighting
 18250 | Lair:5   | Found a staircase to the Slime Pits.
 18666 | Lair:5   | Reached skill level 13 in Unarmed Combat
 19294 | Lair:5   | Reached skill level 1 in Axes
 19294 | Lair:5   | Reached skill level 1 in Bows
 19294 | Lair:5   | Reached skill level 5 in Spellcasting
 19294 | Lair:5   | Reached skill level 1 in Necromancy
 19294 | Lair:5   | Reached XP level 14. HP: 90/90 MP: 21/21
 19296 | Lair:6   | Entered Level 6 of the Lair of Beasts
 19814 | Lair:6   | Found a runed translucent door.
 19815 | Lair:6   | Noticed Gilette's ghost (journeyman DsMo)
 20314 | Lair:6   | Identified the +8 spear of Conscience {pain, *Rage rPois
                  | rCorr}
 20345 | Lair:6   | Reached XP level 15. HP: 89/97 MP: 19/23
 20405 | Lair:6   | Reached skill level 10 in Dodging
 20708 | Lair:6   | Found a corrupted altar of Lugonu.
 20730 | Lair:6   | HP: 1/116 [thrashing horror (5)]
 21303 | Lair:6   | Found a one-way gate to the infinite horrors of the Abyss.
 21465 | Lair:6   | Killed Gilette's ghost
 21488 | Lair:6   | Mangled by a spriggan rider

Illustrated notes

Levels and vault maps discovered:
D:1:      wander_arrival_estate, layout_basic, serial_shops, shop,
          nicolae_shop_stone, nicolae_shop_trees
D:2:      layout_basic, hellmonk_ecumenical_altar_crossroads
D:3:      layout_rooms, minitemple, st_stairs_3, minmay_close_crescents
D:4:      layout_basic, grunt_temple_overflow_diamond, gup_sewer_entry_pipe,
          uniq_duvessa, uniq_eustachio
D:5:      layout_gridville, lexackson_kobold_supper, uniq_ijyb
D:6:      layout_basic, minmay_temple_entry_glassed_door
D:7:      layout_basic, nicolae_kikubaaqudgha_miasma_corner,
          gammafunk_ghost_nasty_kobolds, st_stairs_1
D:8:      layout_basic, minmay_lair_entry_grove, enter_bailey_5
Temple:   cyrus_circular_temple
Lair:1:   layout_gridlike, portal_ice_cave_entry_pillars_2,
          chequers_serial_rivers_room_b
Lair:2:   layout_hall_layers, shoals_dummy_entry, dummy_spider_entry,
          grunt_forest_stairs_clearing, grunt_megastairs_1,
          minmay_lair_oklob_chamber
Lair:3:   layout_long_grid, serial_bayou_lagoon_b, lemuel_fruit_fields
Lair:4:   pond_and_an_island_with_a_cottage, layout_concentric_octagons,
          st_stairs_7
Lair:5:   layout_layer_cave, nicolae_slime_entry_slimehenge,
          infiniplex_staircase_pool, serial_bayou_shore_a
Lair:6:   hellmonk_lair_end_abyssal_woods, layout_long_grid,
          ebering_ghost_funeral_grove

Skill      XL: |  1  2  3  4  5  6  7  8  9 10 11 12 13 14 15 |
---------------+----------------------------------------------+-----
Stealth        | 1 2 3 4 5 7 8 9 10 11 | 11.4
Unarmed Combat | 4 6 10 12 13 | 13.9
Transmutations | 3 4 5 7 9 10 11 | 11.1
Poison Magic   | 2 3 4 5 6 |  6.0
Dodging        | 3 5 6 7 8 9 10 | 10.2
Ice Magic      | 2 4 5 |  5.0
Fighting       | 3 4 6 7 |  7.5
Evocations     | 2 3 |  3.4
Spellcasting   | 3 5 6 |  6.0
Axes           | 1 |  1.2
Bows           | 1 |  1.1
Necromancy     | 1 |  1.2
Short Blades   | |  0.8
Long Blades    | |  0.8
Maces & Flails | |  0.8
Polearms       | |  0.8
Staves         | |  0.8
Slings         | |  0.8
Crossbows      | |  0.8
Throwing       | |  0.8
Shields        | |  0.8
Conjurations   | |  0.8
Hexes          | |  0.8
Summonings     | |  0.8
Translocations | |  0.8
Fire Magic     | |  0.8
Air Magic      | |  0.8
Earth Magic    | |  0.8
Invocations    | |  0.9

Action                   |  1- 3 |  4- 6 |  7- 9 | 10-12 | 13-15 || total
-------------------------+-------+-------+-------+-------+-------++-------
Melee: Unarmed           |    69 |   117 |   357 |   455 |   456 ||  1454
       Constrict         |    19 |    20 |    20 |     4 |     2 ||    65
       Tentacles         |    10 |     9 |    29 |     4 |     5 ||    57
       Kick              |    18 |    16 |    25 |     3 |       ||    62
       Punch             |     3 |     3 |     6 |     3 |     2 ||    17
 Cast: Beastly Appendage |    14 |    23 |    11 |     3 |       ||    51
       Spider Form       |       |     7 |    29 |     1 |     1 ||    38
       Ice Form          |       |       |     1 |    46 |    43 ||    90
Evoke: Wand              |       |       |     1 |    14 |     7 ||    22
  Use: Scroll            |       |     9 |     5 |     9 |     5 ||    28
       Potion            |       |     1 |     1 |     2 |     4 ||     8
 Stab: Sleeping          |     3 |     3 |    12 |    12 |    16 ||    46
       Distracted        |       |       |     1 |       |     8 ||     9
       Petrified         |       |       |       |       |     1 ||     1
Armor: Skin              |     6 |    14 |    63 |   160 |   129 ||   372
Dodge: Dodged            |    44 |    95 |   316 |   310 |   301 ||  1066

Table legend: (Time is in decaauts)
 A = Elapsed time spent in this place.
 B = Non-inter-level travel time spent in this place.
 C = Inter-level travel time spent in this place.
 D = Time resting spent in this place.
 E = Time spent auto-exploring this place.
 F = Levels seen in this place.
 G = Mean time per level.
                   A        B        C        D        E       F      G
               +--------+--------+--------+--------+--------+-----+--------+
         Total |  21281 |  20162 |   1119 |   3863 |  11885 |  17 | 1251.8 |
       Dungeon |  12450 |  11483 |    967 |   3135 |   6235 |   8 | 1556.2 |
        Temple |    130 |    116 |     14 |      0 |     91 |   1 |  130.0 |
          Lair |   7190 |   7052 |    138 |    580 |   5044 |   6 | 1198.3 |
        Bailey |    426 |    426 |      0 |      0 |    165 |   1 |  426.0 |
      Ice Cave |   1082 |   1082 |      0 |    148 |    350 |   1 | 1082.0 |
               +--------+--------+--------+--------+--------+-----+--------+

Top non-repeatable levels by time:
  Lair:6: 2122 daAuts
     D:6: 2061 daAuts
     D:7: 1955 daAuts
     D:2: 1898 daAuts
     D:1: 1635 daAuts
     D:5: 1518 daAuts
     D:3: 1474 daAuts
  Lair:2: 1324 daAuts
  Lair:5: 1287 daAuts
     D:4: 1177 daAuts
   IceCv: 1082 daAuts
  Lair:1: 891 daAuts
  Lair:4: 817 daAuts
  Lair:3: 748 daAuts
     D:8: 730 daAuts
